 Dungeon Crawl Stone Soup version 0.30-a0-311-gf115ab0292 (webtiles) character file.

Game seed: 16029564284717304453

21 NinjaNoafa the Cutter (level 2, 0/22 HPs)
             Began as a Merfolk Gladiator on Oct 25, 2022.
             Slain by Terence
             ... wielding a +0 flail
              (4 damage)
             ... on level 2 of the Dungeon.
             The game lasted 00:01:38 (724 turns).

NinjaNoafa the Cutter (Merfolk Gladiator)            Turns: 724, Time: 00:01:39

Health: 0/22       AC:  5    Str: 14    XL:     2   Next: 83%
Magic:  2/2        EV: 13    Int:  7    God:
Gold:   48         SH:  0    Dex: 15    Spells: 1/1 levels left

rFire   . . .      SeeInvis .    a - +0 rapier
rCold   . . .      Faith    .    (no shield)
rNeg    . . .      Spirit   .    b - +0 leather armour
rPois   .          Reflect  .    c - +0 helmet
rElec   .          Harm     .    g - +0 cloak
rCorr   .          Rampage  .    (no gloves)
Will    .....                    (no boots)
Stlth   +.........               (no amulet)
HPRegen 0.23/turn                h - ring of wizardry
MPRegen 0.08/turn                (no ring)

@: no status effects
A: (nimble swimmer 2), mertail
a: no special abilities


You were on level 2 of the Dungeon.
You visited 1 branch of the dungeon, and saw 2 of its levels.

You collected 48 gold pieces.

Inventory:

Hand Weapons
 a - a +0 rapier (weapon)
Missiles
 d - 3 throwing nets (quivered)
 j - 4 stones
 k - 2 boomerangs
Armour
 b - a +0 leather armour (worn)
 c - a +0 helmet (worn)
 g - a +0 cloak (worn)
Jewellery
 h - a ring of wizardry (left hand)
Scrolls
 f - 3 scrolls of identify {unknown}
 l - a scroll of magic mapping {unknown}
 n - a scroll of vulnerability {unknown}
Potions
 e - 2 potions of mutation {unknown}
 i - a potion of curing {unknown}
 o - a potion of attraction {unknown}


   Skills:
 - Level 2.1 Fighting
 + Level 4.8 Short Blades
 - Level 2.0 Throwing
 - Level 4.0 Dodging


You had one spell level left.
You didn't know any spells.
Your spell library was empty.

Dungeon Overview and Level Annotations

Branches:
Dungeon (2/15)

Altars:
Gozag

Annotations:
D:2 Terence


Innate Abilities, Weirdness & Mutations

((You are very nimble when in or above water. (Stealth+, EV+, Speed+++)))
Your lower body shifts to a powerful aquatic tail in water.


Message History

Terence is lightly wounded.
Terence hits you with a +0 flail.
You completely miss Terence.
Terence is lightly wounded.
Terence hits you but does no damage.
You hit Terence but do no damage.
Terence is lightly wounded.
Terence closely misses you.
You barely miss Terence. Your punch misses Terence.
Terence is lightly wounded.
Terence closely misses you.
You barely miss Terence.
Terence is lightly wounded.
You closely miss Terence.
Terence is lightly wounded.
Terence completely misses you.
You hit Terence but do no damage.
Terence is lightly wounded.
Terence hits you with a +0 flail.
You hit Terence but do no damage.
Terence is lightly wounded.
Terence hits you with a +0 flail. Terence attacks as you move away!
Terence hits you with a +0 flail.
Found an opulent altar of Gozag.
Throw: javelin
Press: ? - help, Q - select action, (/) - cycle Shift-Dir - straight line, f - Terence
Aim: Terence, wielding a +0 flail and wearing a +0 chain mail (lightly wounded, 68% to hit)
You throw a javelin. The javelin pierces through Terence.
Terence is moderately wounded.
The javelin pierces through the rat!
You kill the rat!
The javelin closely misses the rat.
The javelin closely misses the adder.
Terence hits you with a +0 flail!
* * * LOW HITPOINT WARNING * * *
Terence barely misses you.
You barely miss Terence.
Terence is moderately wounded.
Terence misses you. Terence hits you with a +0 flail.
You die...

........#
.. .......#
.> #......#
# #. .._...
##. #.
....# ....
#. ...
#...#. #.#
#...#####@#
#(<.Sr@.#
#†#######
... ...#.
.....#.
.... #. ...
#. ... #.


You could see Terence, an adder and a rat.

Vanquished Creatures
  A dart slug (D:1)
  4 endoplasms (D:1)
  2 giant cockroaches
  A goblin (D:1)
  A hobgoblin (D:1)
  A kobold (D:1)
  A quokka (D:1)
  A bat (D:1)
  A frilled lizard (D:1)
  4 rats
17 creatures vanquished.

Notes
Turn   | Place    | Note
-------+----------+-------------------------------------------
     0 | D:1      | NinjaNoafa the Merfolk Gladiator began the quest for the
                  | Orb.
     0 | D:1      | Reached XP level 1. HP: 16/16 MP: 1/1
   141 | D:1      | Reached XP level 2. HP: 20/22 MP: 2/2
   700 | D:2      | Noticed Terence
   721 | D:2      | Found an opulent altar of Gozag.
   724 | D:2      | Slain by Terence

Illustrated notes

Levels and vault maps discovered:
D:1:      minmay_arrival_four_circles, layout_loops_ring
D:2:      layout_basic, basic_altar, minmay_ruptured, uniq_terence

Skill      XL: |  1 |
---------------+----+-----
Short Blades   | 4 |  4.8
Fighting       | |  2.1
Throwing       | |  2.0
Dodging        | |  4.0

Action                   || total
-------------------------++-------
Melee: Rapier            ||    39
       Punch             ||     1
Throw: Javelin           ||     4
       Boomerang         ||    13
Armor: Leather armour    ||     5
Dodge: Dodged            ||    25

Table legend: (Time is in decaauts)
 A = Elapsed time spent in this place.
 B = Non-inter-level travel time spent in this place.
 C = Inter-level travel time spent in this place.
 D = Time resting spent in this place.
 E = Time spent auto-exploring this place.
 F = Levels seen in this place.
 G = Mean time per level.
                   A        B        C        D        E       F      G
               +--------+--------+--------+--------+--------+-----+--------+
         Total |    727 |    701 |     26 |      0 |    551 |   2 |  363.5 |
       Dungeon |    727 |    701 |     26 |      0 |    551 |   2 |  363.5 |
               +--------+--------+--------+--------+--------+-----+--------+

Top non-repeatable levels by time:
     D:1: 702 daAuts
     D:2: 25 daAuts
